 Dungeon Crawl Stone Soup version 0.31-a0-268-g4392ee761c (webtiles) character file.

Game seed: 8656878323090290845

95 qw the Shooter (level 4, 0/36 HPs)
             Began as a Minotaur Hexslinger on July 14, 2023.
             Slain by an orc wizard
             ... wielding a +0 dagger
              (2 damage)
             ... on level 3 of the Dungeon.
             The game lasted 00:00:41 (1414 turns).

qw the Shooter (Minotaur Hexslinger)                Turns: 1414, Time: 00:00:41

Health: 0/36       AC:  4    Str: 12    XL:     4   Next: 39%
Magic:  4/4        EV: 12    Int: 10    God:
Gold:   59         SH:  0    Dex: 15    Spells: 4/5 levels left

rFire   . . .        Y - +2 sling
rCold   . . .        (no shield)
rNeg    . . .        c - +0 robe
rPois   .            (helmet restricted)
rElec   .            (no cloak)
rCorr   .            h - +1 pair of gloves
SInv    .            (no boots)
Will    .....        b - amulet of regeneration
Stlth   +            (no ring)
HPRegen 1.06/turn    (no ring)
MPRegen 0.09/turn

%: no passive effects
@: confused
A: horns 2, retaliatory headbutt
a: no special abilities


You were on level 3 of the Dungeon.
You visited 1 branch of the dungeon, and saw 3 of its levels.

You collected 59 gold pieces.


Innate Abilities, Weirdness & Mutations

You have a pair of horns on your head.
You reflexively headbutt those who attack you in melee.


   Skills:
 + Level 2.0 Fighting
 - Level 5.0 Ranged Weapons
 - Level 2.1 Dodging
 - Level 1.0 Spellcasting
 - Level 2.0 Hexes


You had 4 spell levels left.
You knew the following spells:

 Your Spells              Type           Power      Damage    Failure   Level
a - Slow                  Hex            16%        N/A       16%         1

Your spell library contained the following spells:

 Spells                   Type           Power      Damage    Failure   Level
 Inner Flame              Hex/Fire       2%         N/A       56%         3
 Portal Projectile        Hex/Tloc       4%         N/A       56%         3
 Cause Fear               Hex            2%         N/A       83%         4

Inventory:

Hand Weapons
 Y - a +2 sling (weapon)
Armour
 c - a +0 robe (worn)
 d - a +0 leather armour
 g - a +0 ring mail
 h - a +1 pair of gloves (worn)
Jewellery
 b - an amulet of regeneration (around neck)
Potions
 a - a potion of magic {unknown}
 e - a potion of berserk rage {unknown}
 f - a potion of invisibility {unknown}
 i - a potion of might {unknown}

Dungeon Overview and Level Annotations

Branches:
Dungeon (3/15)

Altars:

Shops:
D:1 (


Message History

The orc barely misses you. The orc hits you with a +0 war axe!
The orc hits you from afar with a +1 trident of freezing!
The orc freezes you.
The orc wizard points at you and mumbles some strange words.
The magic dart hits you! The orc hits you with a +0 war axe.
The orc barely misses you.
The orc wizard hits you with a +0 dagger.
The orc barely misses you. x2
The orc closely misses you.
The orc wizard hits you but does no damage.
The orc barely misses you. The orc completely misses you.
The orc closely misses you. The orc completely misses you.
The orc wizard casts a spell.
The orc wizard flickers and vanishes!
Deactivating autopickup; reactivate with Ctrl-A.
The orc misses you. Something hits you. The orc misses you.
The orc hits you but does no damage.
You feel less confused.
The orc hits you from afar with a +1 trident of freezing.
The orc freezes you.
You hear some strange, mumbled words.
You are confused.
The orc closely misses you. x2
The orc misses you.
You hear some strange, mumbled words.
You are more confused.
The orc hits you with a +0 war axe. The orc hits you with a +0 mace.
The orc closely misses you. Something hits you.
The orc hits you but does no damage. The orc barely misses you.
The orc hits you but does no damage. The orc hits you with a +0 mace.
The orc misses you. Something hits you but does no damage.
The orc completely misses you.
You hear some strange, mumbled words.
A puff of flame appears from out of thin air!
The puff of flame misses you.
The puff of flame misses the orc.
The orc barely misses you. The orc hits you but does no damage.
The orc hits you from afar with a +1 trident of freezing.
The orc freezes you. Something hits you.
You die...

##...##...#.. ..
#...##.#.#.....~
#...##.#..#.....
###.#..##.#.....
#...............
##.............#
............^....#.
#.###...............
#......o@{......
#......o.......<
#.......o.......
#........$......
####............
#<...........
.............
.#............


You could see 3 orcs.

Vanquished Creatures
  2 adders
  3 gnolls
  3 worms (D:2)
  A dart slug (D:1)
  3 endoplasms (D:2)
  2 giant cockroaches (D:2)
  7 goblins
  A hobgoblin (D:3)
  5 jackals
  2 kobolds
  3 ball pythons
  3 frilled lizards
  6 rats
41 creatures vanquished.

Notes
Turn   | Place    | Note
-------+----------+-------------------------------------------
     0 | D:1      | qw the Minotaur Hexslinger began the quest for the Orb.
     0 | D:1      | Reached XP level 1. HP: 16/16 MP: 1/1
     0 | D:1      | 0 ||| qw: Version: 0.3-a-52-g30416fa
     0 | D:1      | 0 ||| qw: Game counter: 7947
     0 | D:1      | 0 ||| qw: Melee chars always use a shield: true
     0 | D:1      | 0 ||| qw: God list: Okawaru
     0 | D:1      | 0 ||| qw: Allow faded altars: false
     0 | D:1      | 0 ||| qw: Do Orc after clearing Dungeon:15 true
     0 | D:1      | 0 ||| qw: Do second Lair branch before Depths: true
     0 | D:1      | 0 ||| qw: Lair rune preference: random
     0 | D:1      | 0 ||| qw: Goals: Normal
     0 | D:1      | 0 ||| PLANNING D:1-11
   221 | D:1      | Reached skill level 3 in Ranged Weapons
   221 | D:1      | Reached XP level 2. HP: 23/23 MP: 2/2
   248 | D:1      | 248 ||| FLEEEEING.
   433 | D:1      | Found Luasehes's Weapon Emporium.
   647 | D:1      | 647 ||| UPGRADING to +1 pair of gloves.
   652 | D:1      | 652 ||| READING scroll labelled IRGHUT RIPLOAFI.
   653 | D:1      | 653 ||| READING scroll labelled ORRASESTRAM.
   658 | D:1      | 658 ||| DROPPING scroll of poison.
   710 | D:2      | Reached XP level 3. HP: 29/29 MP: 3/3
   896 | D:2      | Reached skill level 4 in Ranged Weapons
  1144 | D:2      | 1144 ||| FLEEEEING.
  1145 | D:2      | 1145 ||| FLEEEEING.
  1146 | D:2      | 1146 ||| FLEEEEING.
  1147 | D:2      | 1147 ||| FLEEEEING.
  1148 | D:2      | 1148 ||| FLEEEEING.
  1149 | D:2      | 1149 ||| FLEEEEING.
  1150 | D:2      | 1150 ||| FLEEEEING.
  1151 | D:2      | 1151 ||| FLEEEEING.
  1152 | D:2      | 1152 ||| FLEEEEING.
  1153 | D:2      | 1153 ||| FLEEEEING.
  1154 | D:2      | 1154 ||| FLEEEEING.
  1155 | D:2      | 1155 ||| FLEEEEING.
  1156 | D:2      | 1156 ||| FLEEEEING.
  1157 | D:2      | 1157 ||| FLEEEEING.
  1158 | D:2      | 1158 ||| FLEEEEING.
  1160 | D:2      | 1160 ||| FLEEEEING.
  1161 | D:2      | 1161 ||| FLEEEEING.
  1162 | D:2      | 1162 ||| FLEEEEING.
  1163 | D:2      | 1163 ||| FLEEEEING.
  1164 | D:2      | 1164 ||| FLEEEEING.
  1165 | D:2      | 1165 ||| FLEEEEING.
  1166 | D:2      | 1166 ||| FLEEEEING.
  1167 | D:2      | 1167 ||| FLEEEEING.
  1168 | D:2      | 1168 ||| FLEEEEING.
  1169 | D:2      | 1169 ||| FLEEEEING.
  1170 | D:2      | 1170 ||| FLEEEEING.
  1171 | D:2      | 1171 ||| STAIRDANCE
  1203 | D:1      | 1203 ||| UPGRADING to amulet of regeneration.
  1208 | D:1      | 1208 ||| READING 2 scrolls labelled OMMAUGINWI.
  1209 | D:1      | 1209 ||| READING scroll labelled YCEASOA LUPOMU.
  1210 | D:1      | 1210 ||| DROPPING scroll of noise.
  1214 | D:2      | 1214 ||| STAIRDANCE
  1220 | D:1      | Reached XP level 4. HP: 15/36 MP: 4/4
  1373 | D:3      | Reached skill level 5 in Ranged Weapons
  1404 | D:3      | HP: 9/36 [orc wizard/magic dart (7)]
  1409 | D:3      | HP: 8/36 [orc/+1 trident of freezing (1)]
  1411 | D:3      | HP: 2/36 [something (3)]
  1414 | D:3      | Slain by an orc wizard

Levels and vault maps discovered:
D:1:      dpeg_arrival_arbitrary_c, layout_loops_ring, serial_shops, shop
D:2:      layout_rooms
D:3:      layout_rooms, chequers_serial_rivers_small_3

Skill      XL: |  1  2  3  4 |
---------------+-------------+-----
Ranged Weapons | 3 4 5 |  5.0
Fighting       | 2 |  2.0
Dodging        | |  2.1
Spellcasting   | |  1.0
Hexes          | |  2.0

Action                     |  1- 3 |  4- 6 || total
---------------------------+-------+-------++-------
   Fire: Sling             |   105 |    27 ||   132
    Use: Scroll            |     4 |       ||     4
 Armour: Robe              |     4 |     9 ||    13
  Dodge: Dodged            |     8 |    27 ||    35

Table legend:
 A = Non-vault XP
 B = Vault XP
 C = Vault XP percentage of total XP
 D = Non-vault monster count
 E = Vault monster count
 F = Vault count percentage of total count
                 A         B        C        D         E       F
            +---------+---------+-------+---------+---------+-------
      Total |     136 |       0 |   0.0 |      41 |       0 |   0.0
            +---------+---------+-------+---------+---------+-------
        D:1 |      40 |       0 |   0.0 |      17 |       0 |   0.0
        D:2 |      81 |       0 |   0.0 |      22 |       0 |   0.0
        D:3 |      15 |       0 |   0.0 |       2 |       0 |   0.0
            +---------+---------+-------+---------+---------+-------
